[Event "November 21 Early 2023"]
[Site "https://www.chess.com"]
[Date "2023.11.21"]
[Round "9"]
[White "Rakhmanov, Aleksandr"]
[Black "Martinez Alcantara, Jose Eduardo"]
[Result "0-1"]
[Board "9"]
[TimeControl "180+1"]
[WhiteFideId "4173708"]
[BlackFideId "3805662"]
[WhiteElo "2521"]
[BlackElo "2703"]
[WhiteTeam "FID"]
[BlackTeam "PER"]
[WhiteClock "0:00:00"]
[BlackClock "0:00:10"]

1. d4 Nf6 2. c4 e6 3. Nc3 Bb4 4. e3 O-O 5. Nf3 b6 6. Bd2 Bb7 7. Bd3 d5 8. cxd5 exd5 9. O-O Nbd7 10. a3 Be7 11. b4 c6 12. Ne5 Bd6 13. f4 a6 14. Rf3 c5 15. Rh3 cxd4 16. exd4 g6 17. Qf3 Rc8 18. Re1 b5 19. f5 Qb6 20. Nxd7 Nxd7 21. Qg4 Nf6 22. Qh4 Rfe8 23. fxg6 fxg6 24. Bxg6 Rxe1+ 25. Bxe1 hxg6 26. Bf2 Be7 27. Qh6 Kf7 28. Rg3 Rg8 29. Rf3 Qc6 30. h3 g5 31. Be3 g4 32. hxg4 Ke8 33. g5 Ne4 34. Qh7 Qg6 35. Qh3 Nxc3 36. Bf4 Ne2+ 0-1

[Event "November 21 Early 2023"]
[Site "https://www.chess.com"]
[Date "2023.11.21"]
[Round "9"]
[White "Szpar, Milosz"]
[Black "Lazavik, Denis"]
[Result "0-1"]
[Board "10"]
[TimeControl "180+1"]
[WhiteFideId "1184989"]
[BlackFideId "13515110"]
[WhiteElo "2446"]
[BlackElo "2556"]
[WhiteTeam "POL"]
[BlackTeam "BLR"]
[WhiteClock "0:00:29"]
[BlackClock "0:01:17"]

1. e4 c5 2. c3 d5 3. exd5 Qxd5 4. d4 Nf6 5. Nf3 e6 6. Na3 a6 7. Nc4 Nbd7 8. a4 cxd4 9. Nxd4 Be7 10. Be3 O-O 11. Be2 Qxg2 12. Bf3 Qg6 13. h4 h5 14. Bg5 e5 15. Nc2 Nc5 16. N2e3 Nd3+ 17. Ke2 e4 18. Bxe4 Nxe4 19. Qxd3 Rd8 20. Qc2 Bg4+ 21. Ke1 Nxg5 22. hxg5 Qxg5 23. Nb6 Bc5 24. Nbc4 Bf3 25. Rf1 b5 26. axb5 axb5 27. Rxa8 Rxa8 0-1

[Event "November 21 Early 2023"]
[Site "https://www.chess.com"]
[Date "2023.11.21"]
[Round "9"]
[White "Bortnyk, Olexandr"]
[Black "Vakhlamov, Igor L."]
[Result "1-0"]
[Board "11"]
[TimeControl "180+1"]
[WhiteFideId "14120828"]
[BlackFideId "24126748"]
[WhiteElo "2725"]
[BlackElo "2407"]
[WhiteTeam "UKR"]
[BlackTeam "RUS"]
[WhiteClock "0:01:21"]
[BlackClock "0:00:45"]

1. e4 c5 2. c3 e6 3. Nf3 d5 4. e5 Nc6 5. d4 Nge7 6. Bd3 cxd4 7. cxd4 Nf5 8. Bxf5 exf5 9. O-O Be7 10. Nc3 g5 11. Qd3 Be6 12. Nb5 f4 13. Re1 g4 14. Nd2 a6 15. Nd6+ Bxd6 16. exd6 Qxd6 17. Nb3 O-O-O 18. Bd2 Kb8 19. Rac1 f3 20. g3 Ka7 21. Nc5 Rde8 22. Bf4 Qd8 23. Nxa6 Qb6 24. Nc7 Rc8 25. Qa3+ Qa5 26. Rxc6 Qxa3 27. Nb5+ Ka8 28. Rxc8+ Rxc8 29. Nxa3 Rc1 30. Rxc1 1-0

[Event "November 21 Early 2023"]
[Site "https://www.chess.com"]
[Date "2023.11.21"]
[Round "9"]
[White "Nguyen, Ngoc Truong Son"]
[Black "Raja Rithvik R"]
[Result "0-1"]
[Board "12"]
[TimeControl "180+1"]
[WhiteFideId "12401110"]
[BlackFideId "35007394"]
[WhiteElo "2556"]
[BlackElo "2395"]
[WhiteTeam "VIE"]
[BlackTeam "IND"]
[WhiteClock "0:00:07"]
[BlackClock "0:00:28"]

1. e4 c5 2. Nf3 d6 3. d4 cxd4 4. Nxd4 Nf6 5. Nc3 a6 6. h3 e6 7. g4 Be7 8. Be3 b5 9. Bg2 Bb7 10. g5 Nfd7 11. h4 b4 12. Nce2 Nc5 13. Ng3 Nc6 14. Nxc6 Bxc6 15. Qd4 O-O 16. Qxb4 Rb8 17. Qc3 Qd7 18. b3 Rfc8 19. Qd2 Qb7 20. Bxc5 dxc5 21. O-O Rd8 22. Qc3 Qb4 23. Qxb4 cxb4 24. Rfd1 Bd6 25. e5 Bxg2 26. Rxd6 Rxd6 27. exd6 Bd5 28. a3 a5 29. axb4 axb4 30. Ra7 Kf8 31. f4 Rb6 32. d7 Rd6 33. f5 Bc6 34. f6 gxf6 35. gxf6 Rxd7 36. Ra6 Rd1+ 37. Nf1 Rxf1+ 0-1

[Event "November 21 Early 2023"]
[Site "https://www.chess.com"]
[Date "2023.11.21"]
[Round "9"]
[White "Pakleza, Zbigniew"]
[Black "Van Foreest, Jorden"]
[Result "0-1"]
[Board "13"]
[TimeControl "180+1"]
[WhiteFideId "1119290"]
[BlackFideId "1039784"]
[WhiteElo "2410"]
[BlackElo "2664"]
[WhiteTeam "POL"]
[BlackTeam "NED"]
[WhiteClock "0:00:00"]
[BlackClock "0:01:24"]

1. d4 f5 2. Nf3 Nf6 3. c4 e6 4. Nc3 Bb4 5. Qb3 Bxc3+ 6. Qxc3 O-O 7. Bg5 d6 8. g3 Nbd7 9. Bg2 h6 10. Bxf6 Qxf6 11. O-O e5 12. dxe5 dxe5 13. Rfd1 e4 14. Qxf6 Nxf6 15. Nd4 Bd7 16. Nb5 Bxb5 17. cxb5 Rad8 18. f3 Kf7 19. fxe4 fxe4 20. Rac1 Rxd1+ 21. Rxd1 Ke6 22. a4 Ke5 23. Rc1 Nd5 24. Rc4 Nf6 25. Rxc7 Rd8 26. Re7+ Kd4 27. Kf2 e3+ 28. Ke1 Rc8 29. Kd1 Rc4 30. b3 Rc3 31. Rxb7 Ng4 32. Rd7+ Ke5 0-1

[Event "November 21 Early 2023"]
[Site "https://www.chess.com"]
[Date "2023.11.21"]
[Round "9"]
[White "Alexandre, Anne Shopie Elizabeth"]
[Black "Chigaev, Maksim"]
[Result "0-1"]
[Board "14"]
[TimeControl "180+1"]
[WhiteFideId "11902418"]
[BlackFideId "4108116"]
[WhiteElo "2826"]
[BlackElo "2561"]
[WhiteTeam "HAI"]
[BlackTeam "ESP"]
[WhiteClock "0:00:38"]
[BlackClock "0:00:10"]

1. d4 Nf6 2. c4 g6 3. Nc3 Bg7 4. e4 d6 5. Be2 e5 6. d5 a5 7. h4 Na6 8. h5 Bd7 9. Be3 Nc5 10. h6 Bf8 11. f3 Nh5 12. g4 Nf4 13. Bxf4 exf4 14. Qd4 f6 15. Nh3 Bxh6 16. O-O-O Qe7 17. g5 Bg7 18. gxf6 Bxf6 19. Qd2 g5 20. Nf2 h5 21. Nd3 Nxd3+ 22. Bxd3 Qe5 23. Kb1 Ke7 24. Ne2 b6 25. Rc1 Raf8 26. a3 Bg7 27. Rcf1 Kd8 28. Ka2 Rh6 29. Rhg1 Rhf6 30. Rh1 g4 31. Nc3 g3 32. Rh4 Qg5 33. Rfh1 g2 34. Rxh5 gxh1=Q 35. Rxg5 R6f7 36. e5 Bxe5 37. Ne4 Qxf3 38. Rg1 Qe3 39. Qc2 Qxg1 40. Bf1 Qxf1 41. Nf6 Rxf6 42. c5 bxc5 43. Qxc5 dxc5 44. d6 cxd6 45. a4 Bxa4 46. b4 Qa1# 0-1

[Event "November 21 Early 2023"]
[Site "https://www.chess.com"]
[Date "2023.11.21"]
[Round "9"]
[White "Henriquez Villagra, Cristobal"]
[Black "luckyswitchback"]
[Result "1-0"]
[Board "15"]
[TimeControl "180+1"]
[WhiteFideId "3409350"]
[WhiteElo "2572"]
[BlackElo "2832"]
[WhiteTeam "CHI"]
[WhiteClock "0:00:08"]
[BlackClock "0:00:00"]

1. g3 d5 2. Bg2 e5 3. d3 Nf6 4. Nf3 Nbd7 5. O-O c6 6. Nbd2 Be7 7. e4 dxe4 8. dxe4 O-O 9. Qe2 Qc7 10. b3 Re8 11. Bb2 b6 12. Rfd1 Bf8 13. h3 a5 14. Qe1 a4 15. Nc4 b5 16. Ncd2 a3 17. Bc1 Bb4 18. Qe3 Bc5 19. Qe2 Nf8 20. c3 b4 21. cxb4 Bxb4 22. Nc4 Ba6 23. Qc2 Bb5 24. Bg5 N6d7 25. Rac1 Ne6 26. Be3 c5 27. Nd6 Reb8 28. Nxb5 Rxb5 29. h4 Rbb8 30. Bh3 Ndf8 31. Rd5 f6 32. Qc4 Qf7 33. Rcd1 Rd8 34. Rxd8 Rxd8 35. Rd5 Rxd5 36. exd5 Nd4 37. Kg2 g6 38. Nxd4 exd4 39. Bf4 Kg7 40. Bd6 Nd7 41. Be6 Qe8 42. Qb5 d3 43. Qxd3 Ne5 44. Bxe5 fxe5 45. Qe3 Qb8 46. Bg4 Qd6 47. Qe4 Bc3 48. Be2 Bd4 49. Bc4 Qf6 50. f3 Qd6 51. Qg4 Kf6 52. Qc8 Kg7 53. Qb7+ Kh6 54. Qc6 Qe7 55. d6 Qf6 56. Qd5 e4 57. fxe4 Qf2+ 58. Kh3 1-0

[Event "November 21 Early 2023"]
[Site "https://www.chess.com"]
[Date "2023.11.21"]
[Round "9"]
[White "Ashraf, Artin"]
[Black "Molina, Roberto Junio Brito"]
[Result "0-1"]
[Board "16"]
[TimeControl "180+1"]
[WhiteFideId "22514805"]
[BlackFideId "2109450"]
[WhiteElo "2235"]
[BlackElo "2389"]
[WhiteTeam "IRI"]
[BlackTeam "BRA"]
[WhiteClock "0:00:00"]
[BlackClock "0:02:47"]

1. b3 d5 2. Nf3 Bg4 3. e3 Nd7 4. c4 e6 5. Be2 Ngf6 6. Bb2 Bd6 7. O-O O-O 8. Nc3 c6 9. h3 Bh5 10. Rc1 Qe7 11. d4 a6 12. Nd2 Bxe2 13. Qxe2 Ba3 14. Bxa3 Qxa3 15. Nf3 Rfd8 16. Rfd1 a5 17. Ne1 Qe7 18. Nd3 Rab8 19. e4 dxc4 20. bxc4 e5 21. d5 Nc5 22. Qe3 Nxd3 0-1

[Event "November 21 Early 2023"]
[Site "https://www.chess.com"]
[Date "2023.11.21"]
[Round "9"]
[White "Puranik, Abhimanyu"]
[Black "Suyarov, Mukhammadzokhid"]
[Result "1/2-1/2"]
[Board "17"]
[TimeControl "180+1"]
[WhiteFideId "5061245"]
[BlackFideId "14210495"]
[WhiteElo "2493"]
[BlackElo "2449"]
[WhiteTeam "IND"]
[BlackTeam "UZB"]
[WhiteClock "0:00:11"]
[BlackClock "0:00:16"]

1. e4 e5 2. Nf3 Nf6 3. Nxe5 d6 4. Nf3 Nxe4 5. Bd3 Nc5 6. Be2 d5 7. d4 Ne4 8. O-O Bd6 9. Re1 O-O 10. c4 c6 11. Nc3 Bf5 12. Qb3 Qd7 13. cxd5 Nxc3 14. bxc3 cxd5 15. Ne5 Bxe5 16. dxe5 Nc6 17. Bf3 Be6 18. Qb2 Rfc8 19. Bf4 Na5 20. Red1 Rc4 21. Rd4 Rxd4 22. cxd4 Rc8 23. h3 h6 24. g4 Nc4 25. Qe2 Qa4 26. Kg2 Rc6 27. Rb1 Rb6 28. Rxb6 axb6 29. g5 hxg5 30. Bxg5 b5 31. Bg4 Qa6 32. f4 Bxg4 33. hxg4 Qg6 34. Bh4 b4 35. f5 Qh6 36. Bf2 Kf8 37. Qf3 Qc6 38. e6 Nd2 39. Qf4 Ne4 40. Qb8+ Qe8 41. Qe5 fxe6 42. fxe6 Nf6 43. Bh4 Qg6 44. Bxf6 gxf6 45. Qd6+ Kg7 46. Qd7+ Kh6 47. e7 Qe4+ 48. Kg3 Qe3+ 49. Kg2 Qe2+ 50. Kg3 Qe3+ 51. Kg2 Qe2+ 52. Kg3 Qe3+ 1/2-1/2

[Event "November 21 Early 2023"]
[Site "https://www.chess.com"]
[Date "2023.11.21"]
[Round "9"]
[White "Baskakov, Egor"]
[Black "Rychkov, Oleg"]
[Result "1-0"]
[Board "18"]
[TimeControl "180+1"]
[WhiteFideId "24197866"]
[BlackFideId "4122852"]
[WhiteElo "2225"]
[BlackElo "2398"]
[WhiteTeam "RUS"]
[BlackTeam "RUS"]
[WhiteClock "0:00:20"]
[BlackClock "0:00:06"]

1. e4 e5 2. Nc3 Nf6 3. g3 d5 4. exd5 Nxd5 5. Bg2 Nxc3 6. bxc3 Nc6 7. d3 Bc5 8. Ne2 O-O 9. O-O Bb6 10. h3 Qf6 11. Kh2 Be6 12. f4 exf4 13. Bxf4 Qe7 14. Qd2 Rad8 15. Rae1 Qa3 16. Bg5 Rde8 17. Bf6 gxf6 18. Qh6 Ne7 19. Rxf6 Ng6 20. Nf4 Kh8 21. Rexe6 Nxf4 22. Rxf7 Bg1+ 23. Kh1 Nxe6 24. Qxh7# 1-0

[Event "November 21 Early 2023"]
[Site "https://www.chess.com"]
[Date "2023.11.21"]
[Round "9"]
[White "Rustemov, Alexander"]
[Black "Shoker, Samy"]
[Result "0-1"]
[Board "19"]
[TimeControl "180+1"]
[WhiteFideId "4119002"]
[BlackFideId "627143"]
[WhiteElo "2895"]
[BlackElo "2475"]
[WhiteTeam "RUS"]
[BlackTeam "EGY"]
[WhiteClock "0:00:00"]
[BlackClock "0:00:49"]

1. d4 Nf6 2. c4 d6 3. Nf3 g6 4. g3 Bg7 5. Bg2 O-O 6. Nc3 Nc6 7. O-O a6 8. h3 Rb8 9. e4 Nd7 10. Be3 Na5 11. b3 b5 12. cxb5 axb5 13. Rc1 b4 14. Na4 Ba6 15. Re1 Bb5 16. Nb2 c5 17. Qd2 Nc6 18. Red1 cxd4 19. Nxd4 Nxd4 20. Bxd4 Bxd4 21. Qxd4 Qa5 22. Ra1 Rfc8 23. Rd2 Rc3 24. Nd1 Rc7 25. Ne3 Nf6 26. f4 Qa7 27. Qxa7 Rxa7 28. e5 dxe5 29. fxe5 Nd7 30. Nd5 Nxe5 31. Nxb4 Bd7 32. Rc1 Rxb4 33. Rc3 Kg7 34. Kf2 h5 35. Ke3 Bf5 36. Rc5 f6 37. Rcd5 Bb1 38. R5d4 Rxd4 39. Rxd4 Bxa2 40. b4 Ra3+ 41. Kf2 Rb3 42. Bf1 Rb2+ 43. Ke3 Rb1 44. Be2 Be6 45. h4 Rb3+ 46. Kf2 Bg4 47. Bf1 Rb2+ 48. Ke3 Rb3+ 49. Kf2 g5 50. b5 gxh4 51. gxh4 Nf3 52. Rd8 Nxh4 53. Rb8 Nf5 54. b6 Rb2+ 55. Kg1 Nd6 56. Bg2 h4 57. Bc6 h3 58. b7 Nxb7 59. Rxb7 Rxb7 60. Bxb7 Kh6 61. Kh2 Kg5 62. Kg3 f5 63. Kh2 f4 64. Be4 e5 65. Bd5 Kh4 66. Be4 Be6 67. Bf3 Bf5 68. Be2 e4 69. Bf1 f3 70. Bc4 e3 71. Bb5 e2 72. Bxe2 fxe2 0-1

[Event "November 21 Early 2023"]
[Site "https://www.chess.com"]
[Date "2023.11.21"]
[Round "9"]
[White "Trost, Edvin"]
[Black "Kamsky, Gata"]
[Result "1/2-1/2"]
[Board "20"]
[TimeControl "180+1"]
[WhiteFideId "1729519"]
[BlackFideId "2000024"]
[WhiteElo "2385"]
[BlackElo "2660"]
[WhiteTeam "SWE"]
[BlackTeam "USA"]
[WhiteClock "0:00:44"]
[BlackClock "0:00:12"]

1. e4 g6 2. d4 Bg7 3. Nc3 c6 4. Nf3 d5 5. h3 dxe4 6. Nxe4 Nd7 7. Bc4 Ngf6 8. Nxf6+ Nxf6 9. O-O O-O 10. c3 b6 11. Ne5 Bb7 12. Qe2 e6 13. Bf4 c5 14. Rad1 Qe7 15. dxc5 bxc5 16. Ng4 Rfd8 17. Bg5 h5 18. Nxf6+ Bxf6 19. Bxf6 Qxf6 20. Ba6 Rab8 21. Bxb7 Rxb7 22. Rxd8+ Qxd8 23. Rd1 Rd7 24. Rxd7 Qxd7 25. g3 a5 26. b3 Qd5 27. h4 e5 28. Qb5 Qd1+ 29. Kg2 Qd5+ 30. Kg1 Qd1+ 31. Kh2 Qd2 32. Qxc5 e4 33. a4 Qc2 34. Qd4 Qxb3 35. Qd8+ Kh7 36. Qxa5 e3 37. fxe3 Qc2+ 38. Kh3 Qe4 39. Kh2 Qxe3 40. Qd5 Qe2+ 41. Kg1 Qe1+ 42. Kh2 Qe2+ 43. Qg2 Qc4 44. Qc2 Qc5 45. Qa2 Qxc3 46. Qxf7+ Kh6 47. Qa2 Qa5 48. Qa1 Qd2+ 49. Kg1 Qe3+ 50. Kh2 Qf2+ 51. Kh1 Qf3+ 52. Kh2 Qf2+ 53. Kh1 Qf3+ 54. Kg1 Qxg3+ 55. Kf1 Qf3+ 56. Kg1 Qg3+ 57. Kf1 Qf3+ 58. Kg1 Qg3+ 1/2-1/2

[Event "November 21 Early 2023"]
[Site "https://www.chess.com"]
[Date "2023.11.21"]
[Round "9"]
[White "Licznerski, Lukasz"]
[Black "Piesik, Piotr"]
[Result "0-1"]
[Board "21"]
[TimeControl "180+1"]
[WhiteFideId "1179250"]
[BlackFideId "1136194"]
[WhiteElo "2436"]
[BlackElo "2309"]
[WhiteTeam "POL"]
[BlackTeam "CZE"]
[WhiteClock "0:00:40"]
[BlackClock "0:00:53"]

1. e4 e6 2. d4 d5 3. Nd2 c5 4. Ngf3 cxd4 5. Nxd4 Nc6 6. Bb5 Bd7 7. Nxc6 bxc6 8. Bd3 Bd6 9. Qe2 Ne7 10. e5 Bc7 11. Nf3 c5 12. c3 h6 13. h4 Nc6 14. Bf4 Rb8 15. h5 c4 16. Bb1 Rb7 17. a3 Qb8 18. Ra2 d4 19. cxd4 c3 20. O-O cxb2 21. Bd3 b1=Q 22. Bxb1 Rxb1 23. Rxb1 Qxb1+ 24. Kh2 Qf5 25. Bg3 Qxh5+ 26. Kg1 Ne7 27. Rc2 Bb6 28. Qa6 O-O 29. a4 Nc6 30. Qb7 Nxd4 31. Nxd4 Qd1+ 32. Kh2 Qxd4 0-1

[Event "November 21 Early 2023"]
[Site "https://www.chess.com"]
[Date "2023.11.21"]
[Round "9"]
[White "Hilary46"]
[Black "Rohith Krishna S"]
[Result "1/2-1/2"]
[Board "22"]
[TimeControl "180+1"]
[BlackFideId "46617051"]
[WhiteElo "2649"]
[BlackElo "2394"]
[BlackTeam "IND"]
[WhiteClock "0:00:19"]
[BlackClock "0:00:20"]

1. e4 e5 2. Nf3 Nc6 3. Bb5 a6 4. Ba4 Nf6 5. O-O Be7 6. Re1 b5 7. Bb3 O-O 8. c3 d5 9. exd5 Nxd5 10. Nxe5 Nxe5 11. Rxe5 c6 12. d4 Bd6 13. Re1 Qh4 14. g3 Qh3 15. Qe2 Bg4 16. Qf1 Qh5 17. Nd2 Rae8 18. f3 Rxe1 19. Qxe1 Bxf3 20. Nxf3 Qxf3 21. Bd2 Qf6 22. Bc2 Qd8 23. Qe4 f5 24. Qe6+ Kh8 25. Re1 f4 26. Qh3 Nf6 27. Bxf4 Bxf4 28. gxf4 c5 29. Re6 Qc7 30. Qe3 cxd4 31. Qxd4 Ng4 32. Rd6 Nf6 33. Rxa6 Rd8 34. Rxf6 gxf6 35. Qxf6+ Qg7+ 36. Qxg7+ Kxg7 37. b4 Rd2 38. Bb3 Rd3 39. c4 bxc4 40. Bxc4 Rd4 41. Be6 Rxb4 42. f5 Kf6 43. Kf2 Rb2+ 44. Kg3 Kg5 45. h4+ Kf6 46. Kg4 Rd2 47. Kh5 Rd4 48. Bg8 Kg7 49. Bb3 h6 50. Be6 Rf4 51. Bd7 Kf6 52. Be6 Ra4 53. Bd7 Rxa2 54. Kxh6 Ra8 55. Kh5 Rd8 56. Be6 Rd4 57. Bc8 Ke5 58. Kg5 Rd1 59. f6 Rg1+ 60. Bg4 Rf1 61. h5 Rxf6 62. h6 Rf8 63. h7 Rb8 64. Kg6 Rb6+ 65. Kg7 Rb7+ 66. Kg8 Rb8+ 67. Kg7 Kf4 68. Be6 Kg5 69. Bg8 Rb7+ 70. Bf7 Rb8 71. Bg8 Rb7+ 72. Bf7 Rb8 73. Bg8 1/2-1/2

[Event "November 21 Early 2023"]
[Site "https://www.chess.com"]
[Date "2023.11.21"]
[Round "9"]
[White "Zakhartsov, Vladimir"]
[Black "Shubenkova, Veronika"]
[Result "1-0"]
[Board "23"]
[TimeControl "180+1"]
[WhiteFideId "4145097"]
[BlackFideId "44124040"]
[WhiteElo "2448"]
[BlackElo "1967"]
[WhiteTeam "RUS"]
[BlackTeam "RUS"]
[WhiteClock "0:00:37"]
[BlackClock "0:01:13"]

1. e4 e6 2. d4 d5 3. Nd2 Nf6 4. Bd3 Be7 5. e5 Nfd7 6. c3 c5 7. Ne2 Nc6 8. Nf3 a6 9. O-O b5 10. Nf4 Bb7 11. Nh5 O-O 12. Be3 b4 13. Nd2 bxc3 14. bxc3 cxd4 15. cxd4 f5 16. exf6 Nxf6 17. Nf4 Bc8 18. h3 e5 19. dxe5 Nxe5 20. Nf3 Nxd3 21. Qxd3 a5 22. Rfd1 Ba6 23. Qf5 Bc8 24. Qc2 Ra6 25. Nd4 Qe8 26. Rab1 Bd6 27. Nb5 Bxf4 28. Bxf4 Rc6 29. Qd2 Bf5 30. Rb2 Ne4 31. Qxd5+ Kh8 32. Nd6 Nxd6 33. Bxd6 Be4 34. Qd4 Qg6 35. f3 Rxf3 36. Rb8+ 1-0

[Event "November 21 Early 2023"]
[Site "https://www.chess.com"]
[Date "2023.11.21"]
[Round "9"]
[White "Saravana, Krishnan P."]
[Black "Javakhadze, Zurab"]
[Result "0-1"]
[Board "24"]
[TimeControl "180+1"]
[WhiteFideId "5018382"]
[BlackFideId "13603647"]
[WhiteElo "2167"]
[BlackElo "2381"]
[WhiteTeam "IND"]
[BlackTeam "GEO"]
[WhiteClock "0:00:09"]
[BlackClock "0:00:05"]

1. e4 c5 2. Nf3 d6 3. Bc4 Nf6 4. Qe2 Nc6 5. c3 Bg4 6. h3 Bh5 7. d3 e6 8. Bb3 Be7 9. Nbd2 d5 10. O-O O-O 11. Re1 b5 12. Bc2 d4 13. Nf1 e5 14. Ng3 Bg6 15. Nh4 dxc3 16. bxc3 b4 17. Ba4 Rc8 18. Bxc6 Rxc6 19. cxb4 cxb4 20. Bb2 Nd7 21. Nhf5 Bc5 22. Rac1 Qb6 23. d4 exd4 24. Bxd4 Re8 25. Bxg7 Ne5 26. Qb2 Bxf2+ 27. Kh1 Bxe1 28. Rxe1 Bxf5 29. Bxe5 Bg6 30. Bd4 Qc7 31. Bh8 f6 32. Re3 Kxh8 0-1

[Event "November 21 Early 2023"]
[Site "https://www.chess.com"]
[Date "2023.11.21"]
[Round "9"]
[White "Nagy, Gabor"]
[Black "Ter-Sahakyan, Samvel"]
[Result "1/2-1/2"]
[Board "25"]
[TimeControl "180+1"]
[WhiteFideId "737119"]
[BlackFideId "13302531"]
[WhiteElo "2505"]
[BlackElo "2556"]
[WhiteTeam "HUN"]
[BlackTeam "ARM"]
[WhiteClock "0:00:09"]
[BlackClock "0:00:02"]

1. d4 Nf6 2. Nc3 d5 3. Bf4 c5 4. e4 Nxe4 5. Nxe4 dxe4 6. dxc5 Nd7 7. Qd5 e6 8. Qxe4 Nxc5 9. Qe3 a6 10. Nf3 Be7 11. Be2 O-O 12. O-O b5 13. Rfd1 Qb6 14. Ne5 Bb7 15. Bf3 Bxf3 16. Qxf3 Bf6 17. c3 Rad8 18. Nc6 Rxd1+ 19. Rxd1 Na4 20. Be3 Qc7 21. Rd2 Rc8 22. Nd4 b4 23. cxb4 Qc1+ 24. Rd1 Qxb2 25. Qb7 Rf8 26. Qxa6 Nc3 27. Re1 Nxa2 28. Nf3 Nxb4 29. Qb5 Nd5 30. Qxb2 Bxb2 31. Bd4 Bxd4 32. Nxd4 Rc8 33. g3 g5 34. Nf3 h6 35. h4 g4 36. Ne5 h5 37. Ra1 Kg7 38. Kg2 Rc7 39. Ra2 Kf6 40. Nd3 Rc3 41. Rd2 Kf5 42. Ne1 f6 43. Nc2 Kg6 44. Nd4 e5 45. Ne6 Nb4 46. Rd7 Kf5 47. Ng7+ Kg6 48. Ne6 Rd3 49. Nf8+ Kf5 50. Rh7 Rd2 51. Rxh5+ Ke4 52. Nh7 Nd3 53. Nxf6+ Kd4 54. Nxg4 e4 55. Rf5 Ne1+ 56. Kh3 Nf3 57. h5 Rd1 58. Rd5+ Kxd5 59. Ne3+ Ke5 60. Nxd1 Kf5 61. Ne3+ Kg5 62. g4 Nd4 63. Kg3 Ne2+ 64. Kg2 Nf4+ 65. Kg3 Ne2+ 66. Kh2 Nf4 67. Ng2 Nd3 68. Kg3 Ne5 69. Ne1 Nxg4 70. f3 exf3 71. Nxf3+ Kxh5 1/2-1/2

[Event "November 21 Early 2023"]
[Site "https://www.chess.com"]
[Date "2023.11.21"]
[Round "9"]
[White "Begmuratov, Alisher"]
[Black "Zhigalko, Sergei"]
[Result "0-1"]
[Board "26"]
[TimeControl "180+1"]
[WhiteFideId "14203367"]
[BlackFideId "13502956"]
[WhiteElo "2387"]
[BlackElo "2616"]
[WhiteTeam "UZB"]
[BlackTeam "BLR"]
[WhiteClock "0:00:02"]
[BlackClock "0:00:03"]

1. Nf3 d5 2. g3 c6 3. Bg2 Bg4 4. O-O e6 5. b3 Nf6 6. Bb2 Be7 7. d3 O-O 8. Nbd2 a5 9. a3 Re8 10. c4 h6 11. Ra2 Nbd7 12. Qa1 Bd6 13. h3 Bh5 14. Re1 Bg6 15. Ne5 Nxe5 16. Bxe5 Bxe5 17. Qxe5 Nd7 18. Qb2 Qe7 19. Rea1 Nf6 20. b4 e5 21. cxd5 cxd5 22. bxa5 Rxa5 23. Rb1 Ra7 24. Qb6 Rea8 25. Nf1 e4 26. dxe4 Bxe4 27. Qb4 Qe6 28. Rd1 d4 29. Rad2 Ra4 30. Qb2 Rxa3 31. Rxd4 Ra2 32. Rd8+ Kh7 33. Bxe4+ Nxe4 34. Qxb7 Rxd8 35. Rxd8 Rxe2 36. Qa8 Nxf2 37. Rh8+ Kg6 38. Qf3 Nxh3+ 39. Kh1 Qe4 40. Qxe4+ Rxe4 41. Kg2 Ng5 42. Kf2 Ra4 43. Rb8 Ra2+ 44. Ke3 Ra3+ 45. Kf2 Ne4+ 46. Kg2 f6 47. Re8 Ra2+ 48. Kf3 Ng5+ 49. Ke3 Ra3+ 50. Kf2 Ra2+ 51. Ke3 h5 52. Nd2 Ra3+ 53. Ke2 Rxg3 54. Kf2 Rg4 55. Nf1 Rf4+ 56. Kg2 Re4 57. Ra8 Rg4+ 58. Kf2 Rf4+ 59. Kg2 h4 60. Nh2 Ne4 61. Ra5 Rf2+ 62. Kg1 Rf4 63. Ra4 Ng5 64. Ra6 Nf3+ 65. Nxf3 Rxf3 66. Kg2 Rf4 67. Ra7 Rd4 68. Kh3 Kh6 69. Ra8 g5 70. Ra6 Kg6 71. Kh2 Rd3 72. Kg2 g4 73. Ra8 Rd2+ 74. Kf1 h3 75. Kg1 Kg5 76. Kh1 f5 77. Ra3 Kh4 78. Ra8 Rd1+ 0-1

[Event "November 21 Early 2023"]
[Site "https://www.chess.com"]
[Date "2023.11.21"]
[Round "9"]
[White "Orujov2008"]
[Black "Kuzubov, Yuriy"]
[Result "0-1"]
[Board "27"]
[TimeControl "180+1"]
[BlackFideId "14112906"]
[WhiteElo "2744"]
[BlackElo "2487"]
[BlackTeam "UKR"]
[WhiteClock "0:00:00"]
[BlackClock "0:00:18"]

1. e4 c6 2. d4 d5 3. Nc3 dxe4 4. Nxe4 Nf6 5. Nxf6+ exf6 6. Be3 Nd7 7. Bd3 Bd6 8. Ne2 O-O 9. c4 Re8 10. Qc2 Nf8 11. O-O-O b5 12. c5 Bc7 13. Be4 Bb7 14. Rd2 Ba5 15. Rdd1 g6 16. Nf4 f5 17. Bf3 g5 18. Nh5 f4 19. Bd2 Bxd2+ 20. Rxd2 Ng6 21. Qf5 Re6 22. d5 Nh4 23. dxe6 Nxf5 24. Rxd8+ Rxd8 25. exf7+ Kxf7 26. g3 Nd4 27. Be4 f3 28. Rd1 Bc8 29. Bxh7 Bg4 30. Be4 Bxh5 31. b3 Bg6 0-1

[Event "November 21 Early 2023"]
[Site "https://www.chess.com"]
[Date "2023.11.21"]
[Round "9"]
[White "Csonka, Balazs"]
[Black "Sjugirov, Sanan"]
[Result "1-0"]
[Board "28"]
[TimeControl "180+1"]
[WhiteFideId "742910"]
[BlackFideId "4189302"]
[WhiteElo "2399"]
[BlackElo "2569"]
[WhiteTeam "HUN"]
[BlackTeam "HUN"]
[WhiteClock "0:00:04"]
[BlackClock "0:00:03"]

1. d4 Nf6 2. c4 e6 3. Nf3 Bb4+ 4. Bd2 c5 5. Bxb4 cxb4 6. a3 bxa3 7. Rxa3 O-O 8. Nc3 Nc6 9. e4 d6 10. Be2 e5 11. d5 Nb4 12. O-O a5 13. Qd2 b6 14. Ne1 Nd7 15. Nd3 Nxd3 16. Bxd3 Rb8 17. Na2 Nc5 18. b4 axb4 19. Nxb4 Bd7 20. Rfa1 Qh4 21. f3 f5 22. Qe3 fxe4 23. Bxe4 b5 24. cxb5 Rxb5 25. Nc6 Rb2 26. R3a2 Rb3 27. Qe1 Qg5 28. Ra7 Rb2 29. Qg3 Qe3+ 30. Kh1 Nxe4 31. fxe4 Qe2 32. h3 Rf1+ 33. Rxf1 Qxf1+ 34. Kh2 Rb1 35. Ra8+ Kf7 36. Nd8+ Kf6 37. Qh4+ Kg6 38. Qg3+ Kh5 39. Qe3 Qh1+ 40. Kg3 Qe1+ 41. Qxe1 Rxe1 42. Ra7 Bb5 43. Rxg7 Rxe4 44. Nf7 Rd4 45. Rg5# 1-0

[Event "November 21 Early 2023"]
[Site "https://www.chess.com"]
[Date "2023.11.21"]
[Round "9"]
[White "mind1mover"]
[Black "De Silva, L M S T"]
[Result "0-1"]
[Board "29"]
[TimeControl "180+1"]
[BlackFideId "9953698"]
[WhiteElo "2876"]
[BlackElo "2372"]
[BlackTeam "SRI"]
[WhiteClock "0:00:01"]
[BlackClock "0:00:09"]

1. Nf3 Nf6 2. b3 e6 3. Bb2 d5 4. g3 Be7 5. Bg2 O-O 6. O-O c5 7. c4 Nc6 8. e3 b6 9. Nc3 Bb7 10. cxd5 Nxd5 11. d4 cxd4 12. Nxd5 Qxd5 13. Nxd4 Qxg2+ 14. Kxg2 Nxd4+ 15. f3 Nf5 16. Qe2 Bc5 17. Bd4 Bxd4 18. exd4 Nxd4 19. Qe5 Rfd8 20. Rad1 f6 21. Qc7 Ba6 22. Rf2 e5 23. g4 Rdc8 24. Qd7 Rd8 25. Qe7 Re8 26. Qa3 Bb7 27. Rc1 Red8 28. Qb2 Rd7 29. Rc3 Rad8 30. Qc1 Ne6 31. a4 Nf4+ 32. Kg3 Nd3 33. Qc2 Nxf2 34. Qxf2 Rd3 35. Rxd3 Rxd3 36. Qc2 Rxf3+ 37. Kh4 g5+ 38. Kh5 Rh3# 0-1

[Event "November 21 Early 2023"]
[Site "https://www.chess.com"]
[Date "2023.11.21"]
[Round "9"]
[White "Shuvalova, Polina"]
[Black "Gokerkan, Cem Kaan"]
[Result "1-0"]
[Board "30"]
[TimeControl "180+1"]
[WhiteFideId "24171760"]
[BlackFideId "6336760"]
[WhiteElo "2342"]
[BlackElo "2365"]
[WhiteTeam "RUS"]
[BlackTeam "TUR"]
[WhiteClock "0:00:08"]
[BlackClock "0:00:16"]

1. e4 e5 2. Nf3 Nf6 3. Nc3 d5 4. exd5 e4 5. Ne5 Bd6 6. Bb5+ c6 7. dxc6 O-O 8. cxb7 Bxb7 9. Nc4 Bc7 10. Ne3 Nbd7 11. b3 Ne5 12. Bb2 a6 13. Be2 a5 14. Bb5 Qc8 15. h3 Qe6 16. Qe2 Rac8 17. O-O-O Bd6 18. Kb1 Bb4 19. a3 Be7 20. a4 Nc6 21. Bc4 Qd7 22. Ncd5 Nxd5 23. Nxd5 Bc5 24. Rhe1 Rfe8 25. Bc3 Nd4 26. Qg4 Qd6 27. Rxe4 Bxd5 28. Rxe8+ Rxe8 29. Bxd4 Bxc4 30. Qxg7# 1-0